 Dungeon Crawl Stone Soup version 0.30-a0-808-g6e0788376e (webtiles) character file.

Game seed: 5365620830117809971

23 cforsyth the Sneak (level 3, -5/22 HPs)
             Began as a Kobold Brigand on Feb 26, 2023.
             Slain by a kobold
             ... wielding a +0 short sword of distortion
              (6 damage)
             ... on level 2 of the Dungeon.
             The game lasted 00:01:03 (1070 turns).

cforsyth the Sneak (Kobold Brigand)                 Turns: 1070, Time: 00:01:03

Health: -5/22      AC:  3    Str:  8    XL:     3   Next: 10%
Magic:  3/3        EV: 15    Int: 12    God:
Gold:   77         SH:  0    Dex: 18    Spells: 2/2 levels left

rFire   . . .      SeeInvis .    a - +2 dagger
rCold   . . .      Faith    .    (no shield)
rNeg    . . .      Spirit   .    b - +0 robe
rPois   .          Reflect  .    (no helmet)
rElec   .          Harm     .    c - +0 cloak
rCorr   .          Rampage  .    (no gloves)
Will    .....                    (no boots)
Stlth   ++++                     (no amulet)
HPRegen 0.23/turn                (no ring)
MPRegen 0.08/turn                (no ring)

@: no status effects
A: small, no large weapons, nightstalker 3
a: no special abilities


You were on level 2 of the Dungeon.
You visited 1 branch of the dungeon, and saw 2 of its levels.

You collected 77 gold pieces.

Inventory:

Hand Weapons
 a - a +2 dagger (weapon)
Missiles
 d - 9 poisoned darts (quivered)
 e - 3 curare-tipped darts
 h - 2 throwing nets
Armour
 b - a +0 robe (worn)
 c - a +0 cloak (worn)
Scrolls
 i - a scroll of butterflies {unknown}
Potions
 f - a potion of might {unknown}
 g - a potion of flight {unknown}
 j - a potion of heal wounds {unknown}


   Skills:
 + Level 2.6 Fighting
 + Level 3.2 Short Blades
 - Level 2.1 Throwing
 + Level 2.0 Dodging
 + Level 5.7 Stealth


You had 2 spell levels left.
You didn't know any spells.
Your spell library was empty.

Dungeon Overview and Level Annotations

Branches:
Dungeon (2/15)

Altars:


Innate Abilities, Weirdness & Mutations

You are small and have problems with some larger weapons.
You are completely attuned to the shadows.


Message History

The kobold throws a stone.
The stone barely misses you.
The kobold throws a stone.
The stone closely misses you. The goblin barely misses you.
The adder attacks as you move away! The adder misses you.
The adder barely misses you.
You closely miss the adder.
The adder is almost dead.
The adder misses you.
You miss the adder.
The adder is almost dead.
The adder misses you.
You hit the adder.
You kill the adder!
You have reached level 3!
Your experience leads to an increase in your attributes!
Increase (S)trength, (I)ntelligence, or (D)exterity?
You feel agile. x2
Unknown command.
Unknown command.
The goblin attacks as you move away! The goblin hits you but does no damage.
Unknown command.
The goblin attacks as you move away! The goblin misses you.
You hit the goblin.
You kill the goblin!
Your Dodging skill increases to level 2!
Unknown command.
You hit the kobold.
The kobold is heavily wounded.
The kobold hits you but does no damage.
You blink.
The kobold hits you with a +0 short sword of distortion.
* * * LOW HITPOINT WARNING * * *
You closely miss the kobold.
The kobold is heavily wounded.
The kobold closely misses you.
You miss the kobold.
The kobold is heavily wounded.
The kobold hits you with a +0 short sword of distortion.
* * * LOW HITPOINT WARNING * * *
Space warps horribly around you.
You die...

......# !.....##
......<# ........#
S...:..ยง.# .######
.......... ......#
#....)..## ....K.#
#......... ....@.#
#.......## ......#
###.......#
......####.........#
....................
......####...#######
......# ##### .....#
....


You could see a kobold.

Vanquished Creatures
  An adder (D:2)
  3 endoplasms (D:1)
  2 goblins
  2 hobgoblins (D:1)
  A quokka (D:1)
  2 ball pythons (D:1)
  A frilled lizard (D:1)
12 creatures vanquished.

Notes
Turn   | Place    | Note
-------+----------+-------------------------------------------
     0 | D:1      | cforsyth the Kobold Brigand began the quest for the Orb.
     0 | D:1      | Reached XP level 1. HP: 12/12 MP: 1/1
   209 | D:1      | Reached XP level 2. HP: 18/18 MP: 2/2
  1060 | D:2      | Reached XP level 3. HP: 5/22 MP: 3/3
  1070 | D:2      | HP: 1/22 [kobold/+0 short sword of distortion (3)]
  1070 | D:2      | Slain by a kobold

Illustrated notes

Levels and vault maps discovered:
D:1:      evilmike_arrival_crescent, layout_basic
D:2:      layout_basic, st_stairs_7

Skill      XL: |  1  2  3 |
---------------+----------+-----
Short Blades   | 3 |  3.2
Dodging        | 2 |  2.0
Fighting       | |  2.6
Throwing       | |  2.1
Stealth        | |  5.7

Action                     || total
---------------------------++-------
  Melee: Dagger            ||    39
   Stab: Sleeping          ||     5
 Armour: Robe              ||     7
  Dodge: Dodged            ||    26

Table legend: (Time is in decaauts)
 A = Elapsed time spent in this place.
 B = Non-inter-level travel time spent in this place.
 C = Inter-level travel time spent in this place.
 D = Time resting spent in this place.
 E = Time spent auto-exploring this place.
 F = Levels seen in this place.
 G = Mean time per level.
                   A        B        C        D        E       F      G
               +--------+--------+--------+--------+--------+-----+--------+
         Total |   1068 |   1032 |     36 |      0 |    936 |   2 |  534.0 |
       Dungeon |   1068 |   1032 |     36 |      0 |    936 |   2 |  534.0 |
               +--------+--------+--------+--------+--------+-----+--------+

Top non-repeatable levels by time:
     D:1: 1038 daAuts
     D:2: 30 daAuts
